 Dungeon Crawl Stone Soup version 0.22.1-2-g9c5b331 (webtiles) character file.

21405 lysyklops the Protected (level 12, 0/112 HPs)
             Began as a Minotaur Fighter on Dec 16, 2018.
             Was a High Priest of Okawaru.
             Slain by a jumping spider (2 damage)
             ... on level 3 of the Lair of Beasts.
             The game lasted 00:30:51 (15450 turns).

lysyklops the Protected (Minotaur Fighter)         Turns: 15450, Time: 00:30:53

Health: 0/112      AC: 25    Str: 29    XL:     12   Next: 53%
Magic:  16/16      EV: 10    Int:  5    God:    Okawaru [*****.]
Gold:   637        SH:  0    Dex: 10    Spells: 11/11 levels left

rFire    . . .     SeeInvis .   Q - +6 great mace (protect)
rCold    . . .     Gourm    +   (shield currently unavailable)
rNeg     . . .     Faith    .   z - +0 chain mail {MR+}
rPois    .         Spirit   .   (helmet restricted)
rElec    .         Reflect  .   p - +0 cloak
rCorr    .         Harm     .   J - +1 pair of gloves {Str+3}
MR       +....                  R - +0 pair of boots
Stlth    ..........             H - amulet of the gourmand
HPRegen  0.28/turn              q - ring of stealth
MPRegen  0.15/turn              s - +1 ring of evasion

@: lethally poisoned (0 -> -87), protection aura
A: retaliatory headbutt, horns 2
a: Heroism, Finesse, Renounce Religion


You were on level 3 of the Lair of Beasts.
You worshipped Okawaru.
Okawaru was extremely pleased with you.
You were not hungry.

You visited 3 branches of the dungeon, and saw 14 of its levels.

You collected 812 gold pieces.
You spent 175 gold pieces at shops.

Inventory:

Hand Weapons
 Q - a +6 great mace of protection (weapon)
Armour
 p - a +0 cloak (worn)
 z - a +0 chain mail of magic resistance (worn)
 J - a +1 pair of gloves of strength (worn)
 R - a +0 pair of boots (worn)
Jewellery
 q - a ring of stealth (left hand)
 s - a +1 ring of evasion (right hand)
 H - an amulet of the gourmand (around neck)
 P - an uncursed ring of stealth
Wands
 a - a wand of disintegration (11)
 B - a wand of polymorph (22)
 D - a wand of digging (27)
 F - a wand of clouds (7)
 G - a wand of enslavement (34)
 N - a wand of paralysis (15)
Scrolls
 b - 2 scrolls of fear
 c - a scroll of enchant weapon {unknown}
 e - 14 scrolls of teleportation
 g - 8 scrolls of remove curse
 h - a scroll of amnesia {unknown}
 i - 3 scrolls of blinking
 j - 7 scrolls of identify
 m - a scroll of random uselessness {unknown}
 v - a scroll of immolation {unknown}
 y - a scroll of magic mapping {unknown}
 A - a scroll of enchant armour {unknown}
 C - a scroll of summoning {unknown}
 E - a scroll of vulnerability {unknown}
 K - 2 scrolls of fog
 L - a scroll of torment {unknown}
Potions
 d - a potion of might
 k - a potion of magic {unknown}
 l - 2 potions of mutation
 o - 6 potions of lignification
 r - a potion of berserk rage {unknown}
 t - a potion of agility
 u - 2 potions of haste
 w - 2 potions of resistance
 x - 4 potions of heal wounds
 I - 2 potions of degeneration
 M - 2 potions of ambrosia {unknown}
 O - 2 potions of cancellation {unknown}
Comestibles
 f - 17 rations


   Skills:
 + Level 12.2 Fighting
 + Level 11.9 Maces & Flails
 + Level 12.2 Armour
   Level 11.7 Shields
 + Level 7.9 Invocations


You had 11 spell levels left.
You didn't know any spells.
Your spell library contained the following spells:

 Spells                   Type           Power        Failure   Level  Hunger
 Animate Skeleton         Necr           N/A          89%         1    ##.....
 Magic Dart               Conj           #...         89%         1    ##.....
 Pain                     Necr           #...         89%         1    ##.....
 Blink                    Tloc           N/A          96%         2    ###....
 Call Imp                 Summ           #.......     96%         2    ###....
 Slow                     Hex            #.......     96%         2    ###....
 Conjure Flame            Conj/Fire      #.......     99%         3    ####...
 Mephitic Cloud           Conj/Pois/Air  #.......     99%         3    ####...
 Regeneration             Chrm/Necr      #.........   99%         3    ####...
 Vampiric Draining        Necr           #.........   99%         3    ####...
 Animate Dead             Necr           N/A          100%        4    #####..


Dungeon Overview and Level Annotations

Branches:
Dungeon (10/15)            Temple (1/1) D:6            Lair (3/6) D:8
    Orc (0/2) D:10
  Swamp: Lair:2-4    Shoals: Lair:2-4     Snake: Lair:2-4    Spider: Lair:2-4

Altars:
Ashenzari
Cheibriados
Dithmenos
Elyvilon
Fedhas
Gozag
Hepliaklqana
Kikubaaqudgha
Makhleb
Nemelex Xobeh
Okawaru
Qazlal
Ru
Sif Muna
Trog
Uskayaw
Vehumet
Wu Jian
Xom
Yredelemnul
Zin
The Shining One

Shops:
D:9 ?   D:10 *

Annotations:
D:7 exclusion: statue
D:9 1 runed door, Gearfox's ghost, journeyman HOFi
Lair:3 Urug


Innate Abilities, Weirdness & Mutations

You reflexively headbutt those who attack you in melee.
You have a pair of horns on your head.


Message History

* * * LOW HITPOINT WARNING * * *
The bullfrog hits you but does no damage.
The jumping spider pounces on you.
* * * LOW HITPOINT WARNING * * *
The jumping spider bites you.
* * * LOW HITPOINT WARNING * * *
* * * LOW HITPOINT WARNING * * *
You feel very sick. The redback bites you.
* * * LOW HITPOINT WARNING * * *
You are more poisoned.
The redback poisons you!
You bludgeon the redback!!
Your weapon exudes an aura of protection.
You kill the redback!
Okawaru accepts your kill.
* * * LOW HITPOINT WARNING * * *
You feel extremely sick. The jumping spider pounces on you.
You die...

#..................
#..................
#........<.(..)....
P........†.........
#.........o........
#..................
#...)..Y...........
#..###+s##.P......♣
.. #@#...#.....♣♣
#............♣
#.....#PP...♣
#....>##...♣
#......# ..
......## . ......#
..#...##


You could see an elephant, Urug and a jumping spider.

Vanquished Creatures
  Erolcha (D:9)
  A hydra (Lair:2)
  2 two-headed ogres
  7 death yaks
  A tengu warrior (D:8)
  Pikel (D:9)
  An unseen horror (D:10)
  2 elephants
  3 spiny frogs
  A torpor snail (Lair:2)
  A gargoyle (D:10)
  2 komodo dragons
  A tengu conjurer (D:8)
  A jumping spider (Lair:2)
  4 hippogriffs
  3 blink frogs (Lair:1)
  8 yaks (Lair:2)
  2 wyverns
  A wraith (D:10)
  2 redbacks
  Edmund (D:5)
  A basilisk (Lair:2)
  2 hungry ghosts (D:10)
  A warg (D:10)
  5 water moccasins
  3 porcupines
  3 phantoms
  2 ice beasts
  8 orc warriors
  A necrophage (D:10)
  An eye of draining (D:10)
  11 ogres
  3 centaurs
  5 crocodiles
  A big kobold (D:10)
  5 bullfrogs
  5 wights (D:7)
  4 howler monkeys
  3 crimson imps
  A centaur zombie (D:8)
  4 bullfrog zombies
  6 jellies
  A quasit (D:10)
  A hound (D:9)
  2 centaur skeletons
  9 orc priests
  10 orc wizards
  2 iguanas
  2 worker ants
  A hound zombie (D:8)
  2 hound skeletons (D:4)
  A howler monkey zombie (D:7)
  2 worker ant zombies
  11 adders
  2 shadow imps
  5 oozes (D:8)
  3 adder skeletons
  4 worms
  3 dart slugs
  7 leopard geckos
  58 orcs
  A ball python (D:3)
  8 bats
  6 giant cockroaches
  10 hobgoblins
  15 jackals
  5 quokkas
  6 frilled lizards
  10 goblins
  A jackal skeleton (D:4)
  15 kobolds
  A quokka skeleton (D:8)
  7 rats
  A spectral orc (D:6)
333 creatures vanquished.

Vanquished Creatures (others)
  3 fungi
3 creatures vanquished.

Grand Total: 336 creatures vanquished

Notes
Turn   | Place    | Note
-------+----------+-------------------------------------------
     0 | D:1      | lysyklops the Minotaur Fighter began the quest for the Orb.
     0 | D:1      | Reached XP level 1. HP: 19/19 MP: 0/0
   313 | D:1      | Reached XP level 2. HP: 21/27 MP: 1/1
   888 | D:2      | Reached XP level 3. HP: 33/33 MP: 2/2
   914 | D:2      | Noticed an ogre
   921 | D:2      | Killed an ogre
   921 | D:2      | Reached XP level 4. HP: 22/41 MP: 3/3
  1194 | D:2      | Reached XP level 5. HP: 47/47 MP: 4/4
  1985 | D:3      | Found a glowing silver altar of Zin.
  2002 | D:3      | Reached skill level 5 in Fighting
  2002 | D:3      | Reached skill level 5 in Armour
  2002 | D:3      | Reached skill level 5 in Shields
  2297 | D:3      | Reached XP level 6. HP: 51/56 MP: 5/5
  2820 | D:4      | Found a deep blue altar of Sif Muna.
  2856 | D:4      | Found a burning altar of Makhleb.
  3179 | D:5      | Entered Level 5 of the Dungeon
  3413 | D:4      | Reached skill level 5 in Maces & Flails
  3413 | D:4      | Reached XP level 7. HP: 12/62 MP: 6/6
  3946 | D:4      | Found a sparkling altar of Nemelex Xobeh.
  4035 | D:4      | Found a blossoming altar of Fedhas.
  4772 | D:5      | Noticed Edmund
  4788 | D:5      | Killed Edmund
  4788 | D:5      | Reached XP level 8. HP: 48/71 MP: 7/7
  6122 | D:6      | Found a glowing golden altar of the Shining One.
  6529 | D:6      | Found a staircase to the Ecumenical Temple.
  6546 | Temple   | Entered the Ecumenical Temple
  6687 | Temple   | Became a worshipper of Warmaster Okawaru
  6750 | D:6      | Found a basalt altar of Yredelemnul.
  7001 | D:7      | Found a radiant altar of Vehumet.
  7148 | D:7      | Reached XP level 9. HP: 72/81 MP: 8/8
  7472 | D:6      | Reached * piety under Okawaru
  7663 | D:7      | Reached skill level 1 in Invocations
  8257 | D:8      | Noticed a death yak
  8260 | D:8      | Noticed a death yak
  8261 | D:8      | Noticed a death yak
  8262 | D:8      | Noticed a death yak
  8263 | D:8      | Noticed a death yak
  8264 | D:8      | Noticed a death yak
  8268 | D:8      | Noticed a death yak
  8279 | D:8      | Killed a death yak
  8279 | D:8      | Reached ** piety under Okawaru
  8310 | D:7      | Killed a death yak
  8310 | D:7      | Reached *** piety under Okawaru
  8310 | D:7      | Reached XP level 10. HP: 7/91 MP: 8/11
  8683 | D:6      | Killed a death yak
  8951 | D:7      | Killed a death yak
  8951 | D:7      | Reached **** piety under Okawaru
  8990 | D:7      | Killed a death yak
  9163 | D:7      | Killed a death yak
  9163 | D:7      | Reached skill level 10 in Fighting
  9163 | D:7      | Reached skill level 10 in Armour
  9163 | D:7      | Reached skill level 10 in Shields
  9170 | D:7      | Killed a death yak
  9170 | D:7      | Reached skill level 5 in Invocations
  9332 | D:8      | Found a staircase to the Lair.
  9483 | D:8      | Found a stormy altar of Qazlal.
  9483 | D:8      | Noticed a tengu warrior
  9517 | D:8      | Killed a tengu warrior
  9517 | D:8      | Reached ***** piety under Okawaru
  9517 | D:8      | Reached skill level 10 in Maces & Flails
  9517 | D:8      | Reached XP level 11. HP: 40/101 MP: 13/13
 10067 | D:8      | Found a snail-covered altar of Cheibriados.
 10575 | D:9      | Found a hazy altar of Hepliaklqana.
 10720 | D:9      | Noticed a two-headed ogre
 10726 | D:9      | Killed a two-headed ogre
 10754 | D:9      | Found an ornate altar of the Wu Jian Council.
 10756 | D:9      | Found an opulent altar of Gozag.
 10985 | D:9      | Noticed Pikel
 11007 | D:9      | Killed Pikel
 11007 | D:9      | Received a gift from Okawaru
 11210 | D:9      | Found Puoph's Magic Scroll Shop.
 11218 | D:9      | Bought a scroll of fog for 26 gold pieces
 11218 | D:9      | Bought a scroll of remove curse for 39 gold pieces
 11218 | D:9      | Bought a scroll of identify for 26 gold pieces
 11218 | D:9      | Bought a scroll of teleportation for 39 gold pieces
 11218 | D:9      | Bought a scroll of fear for 45 gold pieces
 11380 | D:9      | Found a runed door.
 11380 | D:9      | Found a shimmering altar of Xom.
 11380 | D:9      | Noticed Gearfox's ghost (journeyman HOFi)
 11383 | D:9      | Noticed a hand axe of chaos
 11449 | D:9      | Noticed Erolcha
 11457 | D:9      | Killed Erolcha
 11618 | D:10     | Entered Level 10 of the Dungeon
 12025 | D:10     | Killed an unseen horror
 12365 | D:10     | Found a staircase to the Orcish Mines.
 12645 | D:10     | Found Vaoril's General Store.
 12713 | D:10     | Noticed a two-headed ogre
 12723 | D:10     | Killed a two-headed ogre
 12996 | Lair:1   | Entered Level 1 of the Lair of Beasts
 13082 | Lair:1   | Reached XP level 12. HP: 92/110 MP: 16/16
 13908 | Lair:2   | Received a gift from Okawaru
 14818 | Lair:3   | Noticed an eight-headed hydra
 15095 | Lair:2   | Killed an eight-headed hydra
 15439 | Lair:3   | Noticed Urug
 15450 | Lair:3   | HP: 2/112 [poisoned by a redback]
 15450 | Lair:3   | Slain by a jumping spider

Skill      XL: |  1  2  3  4  5  6  7  8  9 10 11 12 |
---------------+-------------------------------------+-----
Shields        | 4 5 6 8 9 10 11 | 11.7
Armour         | 4 5 6 7 9 10 11 12 | 12.2
Fighting       | 4 5 6 7 9 10 11 12 | 12.2
Maces & Flails | 3 4 5 6 7 8 10 11 | 11.9
Invocations    | 3 5 6 7 |  7.9

Action                   |  1- 3 |  4- 6 |  7- 9 | 10-12 || total
-------------------------+-------+-------+-------+-------++-------
Melee: Flail             |    79 |   235 |   375 |   430 ||  1119
       Headbutt          |    10 |    34 |    76 |   111 ||   231
       Great mace        |       |       |       |    68 ||    68
Invok: Heroism           |       |       |     2 |    12 ||    14
       Finesse           |       |       |       |     1 ||     1
  Use: Scroll            |       |       |       |    10 ||    10
       Potion            |       |       |       |     2 ||     2
  Eat: Chunk             |       |     8 |    16 |    19 ||    43
       Ration            |       |       |       |     3 ||     3
Armor: Scale mail        |    55 |   114 |    21 |       ||   190
       Chain mail        |       |       |    93 |   272 ||   365
Dodge: Dodged            |    34 |    64 |    84 |   210 ||   392
Block: Shield            |    52 |   128 |   187 |   263 ||   630
